 Dungeon Crawl Stone Soup version 0.19.0-19-g8c6edcc (webtiles) character file.

313503 Therein the Slayer (level 20, 0/180 HPs)
             Began as a Demonspawn Gladiator on Nov 11, 2016.
             Was the Champion of Hepliaklqana.
             Slain by Mennas
             ... wielding a +1 eudemon blade of holy wrath
              (8 damage)
             ... on level 2 of the Vaults on Nov 14, 2016.
             The game lasted 03:34:36 (57396 turns).

Therein the Slayer (Demonspawn Gladiator)          Turns: 57396, Time: 03:34:37

Health: 0/180      AC: 33    Str: 22    XL:     20   Next: 46%
Magic:  30/30      EV: 17    Int: 11    God:    Hepliaklqana [******]
Gold:   522        SH:  0    Dex: 12    Spells: 0 memorised, 19 levels left

rFire  . . .     SeeInvis .     S - +9 lajatang (speed)
rCold  + + +     Gourm    +     M - +4 ice dragon scales
rNeg   . . .     Faith    .     (shield currently unavailable)
rPois  +         Spirit   .     (helmet restricted)
rElec  +         Reflect  .     J - +1 cloak
rCorr  +         Harm     .     G - +2 pair of gloves
MR     ++...                    D - +2 pair of boots
Stlth  ..........               d - amulet of the gourmand
                                C - ring of resist corrosion
                                B - ring of Jaidikh {+Blink rPois rF+ MR+ Dex-3}

@: lethally poisoned (0 -> -3), about to teleport, glowing, silenced
A: reduced essence, antennae 2, thin metallic scales 3, cold resistance 1,
demonic guardian 2, robust 1, spiny 2
a: Renounce Religion, Evoke Blink
}: 2/15 runes: serpentine, barnacled


You were on level 2 of the Vaults.
You worshipped Hepliaklqana.
Hepliaklqana was exalted by your worship.
You were completely stuffed.

You visited 7 branches of the dungeon, and saw 35 of its levels.
You visited 1 bazaar.

You collected 3102 gold pieces.
You spent 2580 gold pieces at shops.

Inventory:

Hand Weapons
 a - a +2 quarterstaff of venom
 u - the +5 quarterstaff of Vubin {crush, *Corrode rPois Int+4 SInv}
   (You found it on level 13 of the Dungeon)

   It inflicts extra damage upon your enemies.
   It affects your intelligence (+4).
   It protects you from poison.
   It lets you see invisible.
   It may corrode you when you take damage.
 S - a +9 lajatang of speed (weapon)
Missiles
 Q - 7 throwing nets (quivered)
Armour
 D - a +2 pair of boots (worn)
 G - a +2 pair of gloves (worn)
 J - a +1 cloak (worn)
 M - +4 ice dragon scales (worn)
Jewellery
 d - an amulet of the gourmand (around neck)
 B - the ring of Jaidikh (left hand) {+Blink rPois rF+ MR+ Dex-3}
   (You bought it in a shop on level 4 of the Snake Pit)

   [ring of protection from magic]

   It affects your dexterity (-3).
   It protects you from fire.
   It protects you from poison.
   It affects your resistance to hostile enchantments.
   It lets you blink.
 C - a ring of resist corrosion (right hand)
Wands
 A - a wand of heal wounds (0/9)
 H - a wand of teleportation (1/9)
 I - a wand of digging (14/24)
 O - a wand of lightning (8/15)
Scrolls
 c - 3 scrolls of blinking
 g - 5 scrolls of identify
 o - 22 scrolls of remove curse
 w - 5 scrolls of enchant weapon
 F - a scroll of brand weapon
 P - 5 scrolls of teleportation
 T - 4 scrolls of amnesia
 U - 7 scrolls of fear
 W - 4 scrolls of magic mapping
 Z - a scroll of summoning
Potions
 e - 2 potions of cure mutation
 i - 9 potions of curing
 k - a potion of cancellation
 n - 3 potions of brilliance
 p - 8 potions of flight
 t - 4 potions of ambrosia
 E - a potion of resistance
 X - 2 potions of agility
 Y - 3 potions of magic
Miscellaneous
 r - a lamp of fire
 N - a phial of floods
 V - 2 phantom mirrors
Comestibles
 f - 13 bread rations
 h - 11 chunks of flesh
 j - 4 slices of pizza
 l - 20 fruits
 m - 12 meat rations
 s - 13 beef jerkies
 v - 13 royal jellies


   Skills:
 + Level 21.0 Fighting
 - Level 14.0 Staves
 - Level 1.7 Throwing
 - Level 16.0 Armour
 - Level 14.0 Dodging
 - Level 14.0 Invocations
 - Level 8.0 Evocations


You had 19 spell levels left.
You didn't know any spells.

Dungeon Overview and Level Annotations

Branches:
Dungeon (15/15)            Temple (0/1) D:5            Lair (6/6) D:10
 Shoals (4/4) Lair:4        Snake (4/4) Lair:2        Slime (0/5) Lair:6
    Orc (2/2) D:10            Elf (2/3) Orc:2        Vaults (2/5) D:14
 Depths (0/5) D:15
  Crypt: Vaults:2-3

Altars:
Ashenzari
Cheibriados
Elyvilon
Fedhas
Gozag
Hepliaklqana
Kikubaaqudgha
Makhleb
Okawaru
Qazlal
Ru
Vehumet
Xom
Yredelemnul

Shops:
D:7 *   Orc:2 *[=(   Snake:2 :}   Snake:4 =

Portals:
Trove: D:12 (give 5 potions of resistance)

Annotations:
Vaults:2 Mennas


Innate Abilities, Weirdness & Mutations

You have a pair of antennae on your head.
You are completely covered in thin metallic scales. (AC +4, rElec)
Your flesh is cold resistant. (rC+)
A demonic guardian rushes to your aid.
You are mostly covered in sharp spines.
Your life essence is reduced. (-10% HP)
You are robust. (+10% HP)


Message History

Winrar hits the deep elf demonologist with a dagger of draining!
The deep elf demonologist dies!
You see here an arrow.
Evoke which item? (* to show all) (? for menu, Esc to quit)
Zapping:
H - a wand of teleportation (2/9)
Press: ? - help, Shift-Dir - straight line, f - you, p - Mennas You feel strangely unstable.
This wand has 1 charge left.
You feel sick. Mennas is struck by your spines.
Mennas hits you but does no damage. x2
Winrar hits the deep elf archer but does no damage.
Winrar drains the deep elf archer!
You feel sick. Mennas is struck by your spines. Mennas barely misses you.
Mennas hits you with an eudemon blade of holy wrath!
* * * LOW HITPOINT WARNING * * *
You convulse!!
* * * LOW HITPOINT WARNING * * *
Winrar mumbles some strange words.
Mennas resists with almost no effort.
The deep elf archer appears confused.
Mennas is caught in a moment of prayer.
Mennas hits you with an eudemon blade of holy wrath!
You die...

...........#..#.≈≈≈≈)#..#
########...'..#.≈≈≈≈.#..#
#......#...#............#
#......#...+....####....#
#......#...+....>..)....#
#......#...#............#
#......'..3##############
#......#...# #......#@..#
#......#A..# #......#(..#
#......#...# #......'(..#
#......#e..# ####'##R(.#
........).# .......)..#


You could see the friendly Winrar the hexer, Mennas, a deep elf archer
(confused) and a friendly soul eater.

Vanquished Creatures
  Bai Suzhen (Snake:3)
  Frederick (Vaults:2)
  The ghost of letownia the Wrestler, an adept TrWz of Okawaru (Shoals:3)
  The ghost of Dwachs the Warrior, an adept MiFi of Okawaru (Shoals:4)
  A deep elf blademaster (Elf:2)
  The ghost of Kloppie the Warrior, an adept DsBe of Trog (Snake:4)
  Kirke (D:15)
  Donald (Shoals:4)
  2 nagarajas (Snake:4)
  Louise (Shoals:2)
  5 vault wardens (Vaults:1)
  Aizul (Snake:3)
  A deep elf elementalist (Elf:1)
  5 ironheart preservers
  A stone giant (Vaults:2)
  2 entropy weavers
  7 merfolk javelineers
  3 fire dragons
  3 deep elf death magi
  4 merfolk impalers
  3 yaktaur captains
  2 great orbs of eyes
  4 hydras
  5 vault guards (Vaults:1)
  4 ogre magi
  A rakshasa (D:15)
  15 naga warriors
  5 merfolk avatars
  A catoblepas (Lair:6)
  An alligator snapping turtle (Shoals:3)
  Erica (D:11)
  6 anacondas
  An ice dragon (Lair:3)
  A merfolk aquamancer (Shoals:4)
  4 centaur warriors
  5 satyrs (Shoals:4)
  A queen ant (Lair:3)
  19 dancing weapons
  3 orc high priests (Orc:2)
  2 tengu warriors (D:13)
  9 shock serpents
  8 naga sharpshooters
  11 deep elf knights
  4 skeletal warriors
  A shadow wraith (Vaults:1)
  2 salamander mystics (Snake:4)
  An unseen horror (D:15)
  14 sea snakes
  A sea snake (shapeshifter) (Elf:2)
  A wizard (Vaults:1)
  A flayed ghost (Vaults:2)
  6 hill giants
  A glowing orange brain (D:15)
  8 ironbrand convokers
  7 naga ritualists
  7 deep elf archers
  16 harpies
  The ghost of Aksej the Carver, a novice DsFi of Dithmenos (D:6)
  9 orc knights
  A mana viper (shapeshifter) (D:15)
  A wolf spider (Vaults:1)
  13 mana vipers
  11 fauns
  38 deep elf magi
  11 salamanders
  5 orc sorcerers
  7 manticores
  31 ugly things
  An elephant (shapeshifter) (Elf:1)
  3 cyclopes
  11 elephants
  6 sirens
  9 vault sentinels
  Maurice (D:9)
  A guardian serpent (shapeshifter) (D:15)
  3 guardian serpents
  4 water nymphs
  36 black mambas
  3 centaur zombies
  17 naga magi
  2 gargoyles
  Joseph (D:7)
  2 molten gargoyles (Lair:6)
  A kobold demonologist (D:15)
  14 spiny frogs
  10 yaktaurs
  6 komodo dragons
  3 freezing wraiths
  3 tengu conjurers
  35 merfolk
  2 small abominations
  7 trolls
  A polar bear (Lair:6)
  9 two-headed ogres
  6 blink frogs
  2 hornets
  15 slime creatures
  5 wind drakes
  9 hippogriffs
  A raiju (shapeshifter) (D:15)
  10 snapping turtles
  A stone giant simulacrum (Vaults:2)
  2 shadows
  A vampire (D:13)
  4 hogs (D:15)
  22 yaks
  4 air elementals (Elf:1)
  A basilisk (shapeshifter) (D:15)
  6 water elementals
  3 wraiths
  5 wyverns
  A human simulacrum (Vaults:2)
  3 basilisks
  3 vampire mosquitoes
  A steam dragon (Lair:6)
  3 hungry ghosts
  7 swamp worms (Lair:6)
  46 nagas
  12 soldier ants
  A warg (Vaults:1)
  9 water moccasins
  5 hell hounds (Lair:6)
  35 orc warriors
  5 porcupines
  2 sky beasts
  3 black bears
  4 ice beasts
  2 phantoms
  17 ogres
  16 centaurs
  14 wolves
  An eye of draining (Lair:6)
  14 crocodiles
  A big kobold (D:9)
  An earth elemental (Elf:1)
  18 bullfrogs
  A wyvern skeleton (D:14)
  A scorpion (D:8)
  14 killer bees
  3 vampire bats (D:14)
  11 wights
  A howler monkey (D:10)
  5 electric eels
  11 crimson imps
  5 lava snakes (Lair:6)
  A quasit (D:10)
  4 hounds
  2 jellies
  2 bullfrog zombies
  9 centaur skeletons
  18 orc priests
  27 orc wizards
  An iguana (D:4)
  19 worker ants
  A killer bee zombie (D:10)
  A hound zombie (D:10)
  A hound skeleton (D:10)
  A howler monkey zombie (D:6)
  A worker ant zombie (D:6)
  A howler monkey skeleton (D:9)
  10 adders
  5 gnolls (D:11)
  A shadow imp (D:10)
  An adder zombie (D:5)
  4 adder skeletons
  12 worms
  A dart slug (D:1)
  7 leopard geckos
  100 orcs
  4 giant cockroaches
  11 goblins
  7 hobgoblins
  8 jackals
  11 kobolds
  7 quokkas
  2 ball pythons
  11 bats
  10 frilled lizards
  A jackal zombie (D:11)
  2 leopard gecko skeletons
  A quokka zombie (D:8)
  7 rats
  2 crawling corpses (Vaults:2)
  2 tentacles (Shoals:4)
1233 creatures vanquished.

Vanquished Creatures (collateral kills)
  Jorgrun (Shoals:4)
  A lich (Vaults:2)
  A kraken (Shoals:4)
  Agnes (D:15)
  Ilsuiw (Shoals:4)
  5 nagarajas
  2 vault wardens (Vaults:1)
  An orc warlord (Orc:2)
  The ghost of Drunkenshrew the Fighter, a journeyman DrMo of Ashenzari (Lair:5)
  An ironheart preserver (Vaults:2)
  A large abomination (Vaults:1)
  A deep elf demonologist (Vaults:2)
  A deep elf annihilator (Vaults:1)
  2 merfolk javelineers (Shoals:4)
  Josephine (D:11)
  7 merfolk impalers
  Harold (Lair:1)
  An ogre mage (Vaults:1)
  A vault guard (Vaults:1)
  The ghost of Malachi the Cleaver, a journeyman DsGl of Yredelemnul (Orc:1)
  2 merfolk avatars
  2 naga warriors (Snake:4)
  3 hydras
  A centaur warrior (D:14)
  A death knight (D:11)
  A dancing weapon (Elf:2)
  A satyr (Shoals:4)
  3 naga sharpshooters (Snake:4)
  2 shock serpents (Snake:4)
  6 deep elf knights
  Nergalle (D:11)
  A salamander mystic (Snake:2)
  An unseen horror (Vaults:1)
  A lindwurm (Lair:6)
  2 sea snakes
  2 naga ritualists (Snake:4)
  A deep elf archer (Vaults:1)
  4 hill giants
  An orc knight (Orc:1)
  2 harpies
  2 orc sorcerers
  3 cyclopes
  6 deep elf magi
  6 fauns
  4 ugly things
  4 manticores
  2 sirens (Shoals:4)
  4 salamanders
  A guardian serpent (Snake:2)
  A vault sentinel (Vaults:1)
  7 elephants
  3 black mambas
  9 naga magi
  A water nymph (Shoals:4)
  5 spiny frogs
  A centaur skeleton (D:14)
  A molten gargoyle (Lair:6)
  4 komodo dragons
  2 kobold demonologists (D:14)
  6 yaktaurs (Vaults:1)
  7 merfolk
  A wind drake (Shoals:4)
  A two-headed ogre (D:13)
  A slime creature (Vaults:1)
  2 dream sheep (Shoals:4)
  A blink frog (Lair:6)
  2 water elementals
  3 wraiths (D:11)
  6 wyverns
  12 yaks
  4 basilisks
  A hog (D:15)
  A hungry ghost (D:12)
  Menkaure (D:7)
  8 nagas
  3 swamp worms (Lair:6)
  3 soldier ants
  A water moccasin (D:10)
  11 orc warriors
  An ice beast (D:10)
  2 black bears
  2 sky beasts
  4 ogres
  2 wolves
  2 centaurs (D:11)
  6 crocodiles
  A big kobold (D:14)
  A bullfrog (D:10)
  A gnoll sergeant (D:11)
  A scorpion (Lair:2)
  2 killer bees (D:9)
  A howler monkey (D:9)
  A wight (D:10)
  3 crimson imps
  2 hounds (D:10)
  7 orc wizards
  2 orc priests (Orc:2)
  3 iguanas
  2 worker ants (Lair:4)
  A hound skeleton (D:5)
  A howler monkey skeleton (D:11)
  A worker ant zombie (D:11)
  2 adders (D:11)
  19 orcs
  A goblin (D:5)
  A hobgoblin (D:5)
  A jackal (D:11)
  A bat (D:14)
  3 kobolds
  3 plants
  A tentacle (Shoals:4)
292 creatures vanquished.

Vanquished Creatures (others)
  A naga ritualist (Snake:4)
  A deep elf mage (Elf:1)
  A siren (Shoals:3)
  A merfolk (Shoals:3)
  37 hexers
  A bush (Lair:6)
  30 fungi
  132 plants
  27 tentacles (Shoals:4)
231 creatures vanquished.

Grand Total: 1756 creatures vanquished

Notes
Turn   | Place    | Note
-------+----------+-------------------------------------------
     0 | D:1      | Therein the Demonspawn Gladiator began the quest for the Orb.
     0 | D:1      | Reached XP level 1. HP: 16/16 MP: 1/1
   117 | D:1      | Gained mutation: You are partially covered in thin metallic scales. (AC +2) [demonic ancestry]
   117 | D:1      | Reached XP level 2. HP: 10/22 MP: 2/2
   948 | D:2      | Found an ancient bone altar of Kikubaaqudgha.
   948 | D:2      | Found a snail-covered altar of Cheibriados.
   985 | D:2      | Reached XP level 3. HP: 18/27 MP: 3/3
  1266 | D:2      | Found a white marble altar of Elyvilon.
  1366 | D:1      | Gained mutation: You are partially covered in sharp spines. [demonic ancestry]
  1366 | D:1      | Reached XP level 4. HP: 23/33 MP: 4/4
  1894 | D:3      | Found a shimmering altar of Xom.
  1989 | D:3      | Reached skill level 5 in Staves
  2306 | D:3      | Gained mutation: A weak demonic guardian rushes to your aid. [demonic ancestry]
  2306 | D:3      | Reached XP level 5. HP: 36/38 MP: 5/5
  3493 | D:4      | Found a hazy altar of Hepliaklqana.
  3496 | D:4      | Became a worshipper of Hepliaklqana the Forgotten
  3704 | D:5      | Entered Level 5 of the Dungeon
  3732 | D:5      | Found a staircase to the Ecumenical Temple.
  3836 | D:5      | Found a stormy altar of Qazlal.
  3950 | D:5      | You fall through a shaft!
  3984 | D:6      | Reached XP level 6. HP: 39/39 MP: 3/6
  4201 | D:5      | Noticed a hippogriff
  4211 | D:5      | Killed a hippogriff
  4670 | D:5      | Reached XP level 7. HP: 45/45 MP: 7/7
  4928 | D:5      | Reached * piety under Hepliaklqana
  5119 | D:5      | Found an iron altar of Okawaru.
  5412 | D:6      | Reached XP level 8. HP: 50/50 MP: 8/8
  5446 | D:6      | Found a basalt altar of Yredelemnul.
  5654 | D:6      | Found a burning altar of Makhleb.
  5684 | D:6      | Noticed Aksej's ghost (novice DsFi)
  5698 | D:6      | Killed Aksej's ghost
  5698 | D:6      | Reached skill level 10 in Staves
  5958 | D:7      | Found a shattered altar of Ashenzari.
  6019 | D:7      | Reached ** piety under Hepliaklqana
  6020 | D:7      | Remembered your ancestor Winrar as a hexer
  6230 | D:7      | Noticed Joseph
  6250 | D:7      | Killed Joseph
  6250 | D:7      | Reached XP level 9. HP: 41/54 MP: 9/9
  6282 | D:7      | Found Carurphuh's General Store.
  6290 | D:7      | Bought a scroll of enchant weapon for 120 gold pieces
  6290 | D:7      | Bought a scroll of recharging for 152 gold pieces
  6297 | D:7      | Noticed Menkaure
  6305 | D:7      | Killed Menkaure
  6844 | D:7      | Found a blossoming altar of Fedhas.
  7080 | D:8      | Found a shimmering altar of Xom.
  7080 | D:8      | Found a shimmering altar of Xom.
  7081 | D:8      | Found a shimmering altar of Xom.
  7081 | D:8      | Found a shimmering altar of Xom.
  7093 | D:8      | Found a shimmering altar of Xom.
  7239 | D:8      | Found a sacrificial altar of Ru.
  7605 | D:9      | Reached *** piety under Hepliaklqana
  7763 | D:9      | Noticed Maurice
  7795 | D:9      | Killed Maurice
  7795 | D:9      | Gained mutation: A demonic guardian rushes to your aid. [demonic ancestry]
  7795 | D:9      | Reached XP level 10. HP: 60/60 MP: 10/10
  8118 | D:9      | Found an opulent altar of Gozag.
  8356 | D:9      | Reached **** piety under Hepliaklqana
  8513 | D:10     | Entered Level 10 of the Dungeon
  9142 | D:10     | Reached skill level 3 in Fighting
  9362 | D:10     | Found a staircase to the Lair.
  9413 | D:10     | Reached skill level 4 in Fighting
  9429 | D:10     | Reached skill level 5 in Fighting
  9601 | D:10     | Upgraded the game from 0.19.0-16-g73b5abf to 0.19.0-19-g8c6edcc
  9643 | D:10     | Noticed a hill giant
  9662 | D:10     | Killed a hill giant
  9662 | D:10     | Reached skill level 6 in Fighting
  9806 | D:10     | Found a staircase to the Orcish Mines.
  9951 | D:11     | Noticed a manticore
 10068 | D:10     | Reached skill level 7 in Fighting
 10068 | D:10     | Gained mutation: You have a pair of small antennae on your head. [demonic ancestry]
 10068 | D:10     | Reached XP level 11. HP: 67/75 MP: 11/11
 10128 | D:11     | Noticed Josephine
 10361 | D:11     | Killed Josephine
 10361 | D:11     | Reached skill level 8 in Fighting
 10422 | D:11     | Noticed Erica
 10434 | D:11     | Killed Erica
 10441 | D:11     | Noticed a hill giant
 10453 | D:11     | Killed a hill giant
 10453 | D:11     | Reached skill level 9 in Fighting
 10460 | D:11     | Noticed Nergalle
 10592 | D:11     | Killed Nergalle
 10744 | D:11     | Reached skill level 10 in Fighting
 10974 | D:11     | Reached skill level 1 in Armour
 11122 | D:12     | Noticed a six-headed hydra
 11138 | D:12     | Noticed a death knight
 11154 | D:11     | Killed a death knight
 11362 | Lair:1   | Entered Level 1 of the Lair of Beasts
 11731 | Lair:1   | Noticed an eight-headed hydra
 12094 | Lair:1   | Killed an eight-headed hydra
 12094 | Lair:1   | Reached skill level 5 in Armour
 12421 | Lair:1   | Noticed Harold
 12426 | Lair:1   | Killed Harold
 12586 | Lair:1   | Reached XP level 12. HP: 63/87 MP: 12/12
 13512 | Lair:2   | Reached ***** piety under Hepliaklqana
 13517 | Lair:2   | Found a staircase to the Snake Pit.
 14167 | Lair:3   | Reached skill level 5 in Dodging
 14456 | Lair:3   | Noticed an ice dragon
 14470 | Lair:3   | Killed an ice dragon
 14904 | Lair:4   | Noticed a queen ant
 14904 | Lair:4   | Noticed an entropy weaver
 14904 | Lair:4   | Noticed an entropy weaver
 14934 | Lair:4   | Noticed a five-headed hydra
 14949 | Lair:3   | Killed a five-headed hydra
 15138 | Lair:3   | Killed an entropy weaver
 15224 | Lair:3   | Killed a queen ant
 15385 | Lair:4   | Reached skill level 11 in Fighting
 15425 | Lair:4   | Killed an entropy weaver
 15817 | Lair:4   | Gained mutation: You are mostly covered in thin metallic scales. (AC +3) [demonic ancestry]
 15817 | Lair:4   | Reached XP level 13. HP: 78/95 MP: 13/13
 15855 | Lair:4   | Reached skill level 12 in Fighting
 16395 | Lair:4   | Found a staircase to the Shoals.
 16650 | Lair:5   | Noticed Drunkenshrew's ghost (journeyman DrMo)
 16672 | Lair:5   | Killed Drunkenshrew's ghost
 16672 | Lair:5   | Reached skill level 10 in Armour
 17823 | Lair:6   | Entered Level 6 of the Lair of Beasts
 18948 | Lair:6   | Reached skill level 13 in Fighting
 18954 | Lair:6   | Reached skill level 1 in Invocations
 18962 | Lair:6   | Gained mutation: You are completely covered in thin metallic scales. (AC +4, rElec) [demonic ancestry]
 18962 | Lair:6   | Reached XP level 14. HP: 81/106 MP: 13/15
 19060 | Lair:6   | Found a staircase to the Slime Pits.
 19322 | Lair:6   | Reached skill level 5 in Invocations
 19709 | Lair:6   | Found a large runed door.
 19710 | Lair:6   | Found a large runed door.
 21948 | D:12     | Reached skill level 14 in Fighting
 22135 | D:12     | Found a portal to a secret trove of treasure.
 22325 | D:13     | Reached ****** piety under Hepliaklqana
 22326 | D:13     | Got a pitted quarterstaff
 22327 | D:13     | Identified the +5 quarterstaff of Vubin {crush, *Corrode rPois Int+4 SInv} (You found it on level 13 of the Dungeon)
 23302 | D:14     | Reached skill level 15 in Fighting
 23708 | D:14     | Found a gate to the Vaults.
 24288 | D:14     | Reached skill level 16 in Fighting
 24288 | D:14     | Gained mutation: Your flesh is cold resistant. (rC+) [demonic ancestry]
 24288 | D:14     | Reached XP level 15. HP: 61/117 MP: 19/19
 24591 | D:14     | Identified the Almanac of Battle Magic
 25386 | Orc:1    | Entered Level 1 of the Orcish Mines
 25386 | Orc:1    | Noticed Malachi's ghost (journeyman DsGl)
 25392 | Orc:1    | Killed Malachi's ghost
 25728 | Orc:2    | Entered Level 2 of the Orcish Mines
 26243 | Orc:1    | Found a burning altar of Makhleb.
 26495 | Orc:2    | Found a staircase to the Elven Halls.
 26636 | Orc:2    | Noticed an orc warlord
 26827 | Orc:2    | Killed an orc warlord
 26828 | Orc:2    | Reached skill level 17 in Fighting
 27968 | Orc:2    | Found Rebaehass's Antique Armour Shop.
 27969 | Orc:2    | Found Reorgh's Antique Weapon Boutique.
 27970 | Orc:2    | Found Pomalyrgh's General Store.
 27970 | Orc:2    | Found Fotask's Jewellery Shop.
 28197 | Elf:1    | Entered Level 1 of the Elven Halls
 28809 | Orc:2    | Bought glowing ice dragon scales for 1782 gold pieces
 28913 | Elf:1    | Found a gateway to a bazaar.
 28931 | Bazaar   | Entered a bazaar
 28935 | Bazaar   | Found Retzeunoawn's Food Boutique.
 28953 | Bazaar   | Found Dirphugyu's Antique Weapon Emporium.
 28970 | Bazaar   | Found Lush's Book Boutique.
 28987 | Bazaar   | Found Miumaze's Antique Armour Shoppe.
 29037 | Elf:1    | Reached skill level 18 in Fighting
 29667 | Elf:1    | Found a radiant altar of Vehumet.
 30676 | Elf:2    | Gained mutation: You have a pair of antennae on your head. [demonic ancestry]
 30676 | Elf:2    | Reached XP level 16. HP: 128/130 MP: 20/20
 30678 | Elf:2    | Found a huge runed gate.
 30678 | Elf:2    | Found a huge runed gate.
 30678 | Elf:2    | Found a huge runed gate.
 30678 | Elf:2    | Found a huge runed gate.
 30678 | Elf:2    | Found a huge runed gate.
 30949 | Elf:2    | Reached skill level 19 in Fighting
 31545 | Elf:2    | Reached skill level 1 in Evocations
 32651 | Elf:2    | Reached skill level 5 in Evocations
 32965 | Elf:2    | Noticed a deep elf blademaster
 32995 | Elf:2    | Killed a deep elf blademaster
 33694 | Snake:1  | Entered Level 1 of the Snake Pit
 35273 | Snake:2  | Found Pouhu's Gadget Shop.
 35273 | Snake:2  | Found Gomel's Book Boutique.
 35783 | Snake:3  | Reached skill level 10 in Dodging
 35818 | Snake:3  | Noticed Aizul
 36199 | Snake:3  | Noticed Bai Suzhen
 36215 | Snake:3  | Killed Bai Suzhen
 36215 | Snake:3  | Reached XP level 17. HP: 86/137 MP: 20/22
 36474 | Snake:3  | Killed Aizul
 37253 | Snake:4  | Entered Level 4 of the Snake Pit
 37941 | Snake:4  | Found Ehietse's Jewellery Emporium.
 38156 | Snake:4  | Bought the ring of Jaidikh {+Blink rPois rF+ MR+ Dex-3} for 526 gold pieces
 38508 | Snake:4  | Reached skill level 10 in Invocations
 38812 | Snake:4  | Noticed Kloppie's ghost (adept DsBe)
 41343 | Snake:4  | Got a serpentine rune of Zot
 42628 | Snake:4  | Killed Kloppie's ghost
 42643 | Snake:4  | Gained mutation: You are mostly covered in sharp spines. [demonic ancestry]
 42643 | Snake:4  | Reached XP level 18. HP: 84/144 MP: 3/28
 43227 | Shoals:1 | Entered Level 1 of the Shoals
 44120 | Shoals:2 | Noticed Louise
 44143 | Shoals:2 | Killed Louise
 44718 | Shoals:3 | Noticed letownia's ghost (adept TrWz)
 45027 | Shoals:3 | Killed letownia's ghost
 46002 | Shoals:4 | Entered Level 4 of the Shoals
 46346 | Shoals:4 | Reached skill level 15 in Armour
 47269 | Shoals:4 | Noticed Jorgrun
 47967 | Shoals:4 | Noticed Ilsuiw
 48009 | Shoals:4 | Killed Ilsuiw
 48367 | Shoals:4 | Killed Jorgrun
 49675 | Shoals:4 | Reached XP level 19. HP: 93/149 MP: 29/29
 50191 | Shoals:4 | Noticed Donald
 51059 | Shoals:4 | Noticed Dwachs's ghost (adept MiFi)
 51718 | Shoals:4 | Killed Dwachs's ghost
 51853 | Shoals:4 | Killed Donald
 51958 | Shoals:4 | Got a barnacled rune of Zot
 52633 | D:15     | Entered Level 15 of the Dungeon
 52704 | D:15     | Noticed Agnes
 52713 | D:15     | Killed Agnes
 52750 | D:15     | Noticed Kirke
 52772 | D:15     | Killed Kirke
 52823 | D:15     | Found a shattered altar of Ashenzari.
 53148 | D:15     | Found a staircase to the Depths.
 53852 | Vaults:1 | Entered Level 1 of the Vaults
 54894 | Vaults:1 | Gained mutation: You are robust. (+10% HP) [potion of beneficial mutation]
 55482 | Vaults:1 | Reached XP level 20. HP: 176/176 MP: 30/30
 55943 | Vaults:1 | Reached skill level 20 in Fighting
 57076 | Vaults:2 | Noticed Frederick
 57085 | Vaults:2 | Killed Frederick
 57372 | Vaults:2 | Noticed Mennas
 57378 | Vaults:2 | Reached skill level 21 in Fighting
 57395 | Vaults:2 | HP: 7/180 [Mennas/eudemon blade of holy wrath (19)]
 57396 | Vaults:2 | Slain by Mennas

Skill      XL: |  1  2  3  4  5  6  7  8  9 10 11 12 13 14 15 16 17 18 19 20 |
---------------+-------------------------------------------------------------+-----
Staves         | 3 4 5 6 7 9 11 13 14 | 14.0
Fighting       | 7 10 11 13 16 18 19 21 | 21.0
Armour         | 6 9 12 13 16 | 16.0
Dodging        | 5 10 14 | 14.0
Invocations    | 2 6 14 | 14.0
Evocations     | 6 8 |  8.0
Throwing       | |  1.7

Action                   |  1- 3 |  4- 6 |  7- 9 | 10-12 | 13-15 | 16-18 | 19-21 || total
-------------------------+-------+-------+-------+-------+-------+-------+-------++-------
Melee: Quarterstaff      |   104 |   110 |   245 |   764 |  1548 |  1796 |   312 ||  4879
       Lajatang          |       |       |       |       |       |       |   727 ||   727
Throw: Throwing net      |     3 |     2 |       |       |     2 |       |     2 ||     9
Invok: Recall Ancestor   |       |     1 |       |     3 |     5 |     7 |     3 ||    19
       Ancestor Identity |       |     1 |       |       |       |       |       ||     1
       Ancestor Life: He |       |       |     1 |       |       |       |       ||     1
       Idealise          |       |       |       |     1 |     3 |     5 |     3 ||    12
       Transference      |       |       |       |       |     3 |     2 |       ||     5
Evoke: Wand              |       |       |     2 |     8 |     2 |    16 |     2 ||    30
  Use: Scroll            |     4 |    13 |     5 |    11 |    13 |    15 |    10 ||    71
       Potion            |       |       |     1 |     1 |     1 |    17 |     3 ||    23
 Stab: Sleeping          |     2 |       |     1 |       |       |       |       ||     3
       Held in net/web   |       |     1 |       |       |       |       |       ||     1
       Confused          |       |       |     1 |     4 |     7 |    12 |    22 ||    46
       Distracted        |       |       |       |     7 |    19 |    25 |    11 ||    62
       Invisible         |       |       |       |     1 |       |     3 |     1 ||     5
       Paralysed         |       |       |       |       |    13 |    49 |    40 ||   102
  Eat: Chunk             |     1 |    10 |    29 |    38 |    52 |    54 |    28 ||   212
       Fruit             |       |       |     1 |       |       |     6 |       ||     7
Armor: Leather armour    |    38 |    27 |    33 |       |       |       |       ||    98
       Plate armour      |       |       |    46 |   256 |       |       |       ||   302
       Storm dragon scal |       |       |       |   121 |   645 |       |       ||   766
       Ice dragon scales |       |       |       |       |    69 |   856 |   251 ||  1176
Dodge: Dodged            |    70 |    54 |    92 |   211 |   506 |   872 |   317 ||  2122
